 Dungeon Crawl Stone Soup version 0.25.1-11-g244df3a29b (webtiles) character file.

Game seed: 16548671613140298002

394 tkbsonic5 the Skirmisher (level 7, -8/66 HPs)
             Began as a Kobold Berserker on Sept 17, 2023.
             Was a Believer of Trog.
             Mangled by an ogre
             ... wielding a +0 giant club
              (28 damage)
             ... on level 3 of the Dungeon.
             The game lasted 00:06:45 (3042 turns).

tkbsonic5 the Skirmisher (Kobold Berserker)         Turns: 3042, Time: 00:06:46

Health: -8/66      AC:  6    Str: 16    XL:     7   Next: 8%
Magic:  7/7        EV: 16    Int:  8    God:    Trog [**....]
Gold:   51         SH:  0    Dex: 15    Spells: 6/6 levels left

rFire    + + .     SeeInvis .   i - +0 mace (holy) {No Compassion}
rCold    x x .     Gourm    .   (shield restricted)
rNeg     . . .     Faith    .   f - +0 ring mail
rPois    .         Spirit   .   o - +0 helmet
rElec    .         Reflect  .   (no cloak)
rCorr    .         Harm     .   (no gloves)
MR       .....                  (no boots)
Stlth    ..........             l - amulet of regeneration {not safe}
HPRegen  0.61/turn              g - ring of fire
MPRegen  0.10/turn              b - ring of fire

@: berserking, very quick
A: small, carnivore
a: Berserk, Trog's Hand, Renounce Religion


You were on level 3 of the Dungeon.
You worshipped Trog.
Trog was pleased with you.
You were very full.

You visited 1 branch of the dungeon, and saw 4 of its levels.

You collected 51 gold pieces.

Inventory:

Hand Weapons
 a - a +0 mace
 d - a +0 hunting sling
 i - a +0 mace of holy wrath (weapon) {No Compassion}
Missiles
 h - 36 arrows
Armour
 f - a +0 ring mail (worn)
 o - a +0 helmet (worn)
Jewellery
 b - a ring of fire (right hand)
 g - a ring of fire (left hand)
 l - an amulet of regeneration (around neck) {not safe}
 s - the ring of Dogma {rElec rPois rN+ Str-3 Dex+3, unknown}
   (You found it on level 4 of the Dungeon)

   [ring of poison resistance]

   It affects your strength (-3).
   It affects your dexterity (+3).
   It insulates you from electricity.
   It protects you from poison.
   It protects you from negative energy.
Scrolls
 p - 3 scrolls of teleportation
 q - a scroll of remove curse {unknown}
Potions
 e - a potion of lignification {unknown}
 j - a potion of ambrosia
 k - a potion of flight {unknown}
 n - a potion of invisibility {unknown}
 r - a potion of heal wounds {unknown}
Comestibles
 c - 4 rations
 m - 4 chunks of flesh


   Skills:
 * Level 5.1 Fighting
 * Level 4.2 Maces & Flails
 - Level 1.5 Armour
 * Level 4.8 Dodging
 + Level 3.3 Stealth


You had 6 spell levels left.
You didn't know any spells.
Your spell library was empty.

Dungeon Overview and Level Annotations

Branches:
Dungeon (4/15)
 Temple: D:4-7

Altars:
Zin


Innate Abilities, Weirdness & Mutations

You are small and have problems with some larger weapons.
You are carnivorous and can eat meat at any time.


Message History

You barely miss the ogre.
The ogre is lightly wounded.
The ogre closely misses you.
You thump the ogre!
The ogre is moderately wounded.
The ogre hits you with a +0 giant club!!
Ouch! That really hurt!
* * * LOW HITPOINT WARNING * * *
You are too injured to fight recklessly!
You are too injured to fight recklessly!
You are too injured to fight recklessly!
You are too injured to fight recklessly!
A red film seems to cover your vision as you go berserk!
You feel yourself moving faster!
You feel mighty! The ogre barely misses you.
You thump the ogre!
The ogre is severely wounded.
You barely miss the ogre.
The ogre is severely wounded.
The ogre hits you with a +0 giant club!!
You die...

.#............#....#...##.###
.#....######..#.....#..##.#
.#....##..................#
.#....##.###..#..#.###.####
......##.....)...........#
.##...#########..#.#######
......'.......#..#.#
###...#######.#O.#.# #...#
#.#.@#.# #...# #.#).#.# #...#
#.#..#.# #...# #รท#..#.#
#...# #.####.# #...# #......#
##### ########


You could see an ogre.

Vanquished Creatures
  Sigmund (D:2)
  A scorpion (D:4)
  Jessica (D:2)
  6 gnolls (D:3)
  4 adders
  A worm (D:4)
  5 leopard geckos
  5 orcs (D:3)
  A giant cockroach (D:2)
  5 goblins
  4 hobgoblins (D:2)
  7 jackals
  7 bats
  2 frilled lizards
  6 kobolds
  10 rats
66 creatures vanquished.

Notes
Turn   | Place    | Note
-------+----------+-------------------------------------------
     0 | D:1      | tkbsonic5 the Kobold Berserker began the quest for the Orb.
     0 | D:1      | Reached XP level 1. HP: 14/14 MP: 1/1
   361 | D:1      | Reached XP level 2. HP: 19/19 MP: 2/2
   772 | D:2      | Reached skill level 1 in Stealth
   901 | D:2      | Reached XP level 3. HP: 24/24 MP: 3/3
   947 | D:2      | Found a glowing silver altar of Zin.
   954 | D:2      | Noticed Jessica
   958 | D:2      | Killed Jessica
   958 | D:2      | Reached XP level 4. HP: 15/29 MP: 4/4
   965 | D:2      | Reached skill level 4 in Fighting
  1317 | D:2      | Reached ** piety under Trog
  1366 | D:2      | Noticed Sigmund
  1380 | D:2      | Killed Sigmund
  1380 | D:2      | Reached XP level 5. HP: 34/34 MP: 5/5
  1380 | D:2      | Reached XP level 6. HP: 39/39 MP: 6/6
  2180 | D:3      | Reached skill level 5 in Fighting
  2824 | D:4      | Reached XP level 7. HP: 38/44 MP: 7/7
  2980 | D:4      | Got a warped platinum ring
  3042 | D:3      | Mangled by an ogre

Illustrated notes

Levels and vault maps discovered:
D:1:      dpeg_arrival_short_road, layout_basic
D:2:      layout_loops_cross, first_ration,
          hangedman_abyss_or_decor_lesser_grid, lemuel_tele_altar, uniq_jessica,
          uniq_sigmund
D:3:      layout_basic
D:4:      layout_cave_pools

Skill      XL: |  1  2  3  4  5  6 |
---------------+-------------------+-----
Stealth        | 1 2 3 |  3.3
Maces & Flails | 3 4 |  4.2
Dodging        | 3 4 |  4.8
Fighting       | 4 5 |  5.1
Armour         | |  1.5

Action                   |  1- 3 |  4- 6 |  7- 9 || total
-------------------------+-------+-------+-------++-------
Melee: Mace              |    70 |   130 |    30 ||   230
Invok: Berserk           |     1 |     4 |     1 ||     6
       Trog's Hand       |       |     1 |       ||     1
  Use: Scroll            |     3 |     3 |       ||     6
 Stab: Sleeping          |       |     2 |       ||     2
  Eat: Chunk             |    10 |    10 |       ||    20
Armor: Ring mail         |    15 |    22 |     5 ||    42
Dodge: Dodged            |    65 |   133 |    22 ||   220
